AoeStats
← CamperCarl

Nomad

508634392Analyzed
2v2 RM · 8d ago on Sep 23, 2026· 16m 11s· 4 players
Game mode
Random Map
Map size
176×176
Population
200
Speed
Normal
Resources
Standard
Victory
Conquest
Starting age
Dark Age
Ending age
Imperial Age
RankedLock teamsTeams togetherTeam positionsShared explorationLock speedFull tech treeHidden civsTurbo modeCheats
Victory
Defeat
🇦🇺 Franks · Australia
1364
+11
🇦🇺 Varangians · Australia
1317
+12
🇦🇷 Japanese · Argentina
1264
-12
🇲🇦 Celts · Morocco
1221
-11
[ALWM]jinikoro
6:12 Loom
14:46 Feudal Age
Inmortal97
3:56 Loom
13:57 Feudal Age
CamperCarl
12:10 Feudal Age
11:12 Loom
GI
4:35 Loom
13:51 Feudal Age
14:48 Double-Bit Axe
14:54 Gold Mining
15:13 Town Watch
17:13 Wheelbarrow
Connection lost

Rejoining the realm…

Still unreachable

The connection could not be restored.

Session expired

The server has moved on; the page needs a fresh start.